[Event "Sardinia World Festival-A 2024"]
[Site "Orosei"]
[Date "2024.05.01"]
[Round "6.39"]
[White "Kochavi, Ori"]
[Black "Nurgaliyev, Sauat"]
[Result "1-0"]
[ECO "B93"]
[WhiteElo "2406"]
[BlackElo "2262"]
[Annotator "TA"]
[PlyCount "83"]
[EventDate "2024.04.26"]
[EventType "swiss"]
[EventCountry "ITA"]
[SourceTitle "playchess.com"]
[Source "ChessBase"]
[SourceQuality "1"]
[TimeControl "40/5400+30:1800+30"]

1. e4 c5 2. Nf3 d6 3. d4 cxd4 4. Nxd4 Nf6 5. Nc3 a6 6. f4 e5 7. Nf3 Nbd7 8. a4 Qc7 9. a5 Be7 10. g4 Nc5 {[%emt 0:09:19] The position is equal.} 11. g5 $1 Nfxe4 12. Nd5 Qd8 13. b4 Ne6 14. Bd3 (14. Qd3 $5 f5 $8 15. Nb6 $14 (15. fxe5 dxe5 16. Qb3 Nd4 $17)) 14... f5 15. Nh4 g6 {[%emt 0:05:56] [#]} 16. Nxf5 $1 gxf5 17. Bxe4 (17. Qh5+ $11 Kd7 18. Nb6+ Kc7 19. Nxa8+ Kb8 20. Nb6) 17... fxe4 $15 18. Qh5+ Kd7 19. f5 Kc6 (19... Nxg5 $2 20. Bxg5 Bxg5 21. Qf7+ Be7 (21... Kc6 $2 22. Ra3 $18) 22. f6 $18) ({Black should try} 19... Nd4 $1 $15 20. f6 Qe8 (20... Nxc2+ $2 21. Kd2 $18) 21. Qh3+ Kd8 22. fxe7+ Qxe7) 20. c4 $11 {[%emt 0:21:01] Qf7 would now be deadly.} Bxg5 $2 (20... Nxg5 $2 21. b5+ (21. Nxe7+ Qxe7 22. Bxg5 Qf8 $18) 21... Kd7 22. Bxg5 Bxg5 23. Qf7+ Be7 24. f6 $18) (20... Nd4 $11 {and Black has nothing to worry.} 21. f6 Bxf6 22. gxf6 Be6 (22... Nc2+ 23. Kf2 $11)) 21. fxe6 $18 Bh4+ 22. Ke2 {[%emt 0:00:20] Some like it hot. White is much more active.} Bxe6 {[%emt 0:00:38][%cal Oh8g8,Bc8e6,Be6d5,Bd5c6][%mdl 32] Threatens to win with ...Rg8!} 23. Be3 {[%emt 0:00:04][%cal Ob4b5] Black must now prevent b5+!} Rf8 $2 (23... Be7 $16) 24. Qxh7 {[%emt 0:04:53] Threatening mate with b5+.} Bxd5 25. b5+ axb5 26. cxb5+ (26. cxd5+ Kxd5 27. Qxb7+ Ke6 $18) 26... Kxb5 27. Rhb1+ Kc4 28. Rxb7 (28. Ra4+ $142 Kc3 29. Rxe4 Rf2+ 30. Bxf2 Qg5 31. Qc7+ (31. Qxh4 Qd2+ 32. Kf1 Bxe4 $18) (31. Re3+ Qxe3+ 32. Bxe3 Bc4+ 33. Kd1 Bb3+ 34. Rxb3+ Kxb3 35. Qxb7+ Kc3 36. Qxa8 Kd3) 31... Bc6 32. Qxd6 (32. Rxh4 Qd2+ 33. Kf1 Qd3+ 34. Ke1 Qxb1+ 35. Ke2 Qd3+ 36. Ke1 Qd2+ 37. Kf1 Rf8 38. Rh3+ Kc2 39. Qh7+ e4) 32... Qh5+ 33. Kf1) 28... Bc6 {[%emt 0:03:04] [#]} 29. Ra4+ $3 Kd5 30. Qxe4+ Ke6 31. Qxc6 {[%emt 0:00:08][%cal Oa4h4] Intending Rxh4! and mate.} Rc8 32. Qe4 Bg5 (32... Qf6 $142 33. Qg4+ (33. Qxh4 Qf1+ 34. Kd2 Qc1+ 35. Ke2 Rc2+ 36. Kd3 Rc3+ 37. Ke4 Rxe3#) 33... Qf5) 33. Qg6+ Bf6 34. Qg4+ Kd5 35. Qe4+ (35. Ra2 $142 Rc3 36. Rd2+ (36. a6 Rxe3+ 37. Kxe3 Bg5+ 38. Ke2 Rf4 $18) 36... Kc6 37. a6 Rxe3+ 38. Kxe3 Bg5+ 39. Kd3 Rf3+ 40. Qxf3+ d5 41. Rc2+ Kd6 42. Qf5) 35... Ke6 36. Qg4+ $40 {[%emt 0:00:04][%mdl 128] White has some attack.} (36. Bb6 $18 Qe8 37. Qg4+ Kd5 38. Qf3+ e4 39. Qf5+ Kc6 40. Rc7+ (40. Qxe4+ $2 {is the wrong capture.} Qxe4+ 41. Rxe4 Kxb7 $19) 40... Rxc7 41. Rc4+ (41. Qxe4+ $2 {loses.} Qxe4+ 42. Rxe4 Rh7 $19) 41... Kb7 42. Rxc7+ Kb8 43. a6) 36... Kd5 37. Rb5+ Kc6 38. Rb6+ Kd5 39. Rab4 (39. Qf5 $142 Qxb6 40. axb6 Bh8 41. Ra5+ Kc6 42. Qg4 Rfd8 43. Qc4+ Kb7 44. Qd5+ Rc6 45. Ra7+ (45. Qf7+ Rd7 46. Qxd7+ Kb8) 45... Kb8 46. Qxc6 Rg8 47. Qc7#) 39... Rg8 40. R4b5+ {[%emt 0:00:12] White mates.} Rc5 41. Qf3+ e4 42. Qf5+ {[%emt 0:00:06] Weighted Error Value: White=0.31/Black=0.99.  Loses game:     	---       	Black=3      Mistake:       	White=2     	Black=2      Inaccurate:     	---       	Black=2      OK:         	White=9     	Black=8      Best:        	White=6     	Black=3      Strong:       	White=1     	---} 1-0

[Event "Sardinia World Festival-A 2024"]
[Site "Orosei"]
[Date "2024.05.01"]
[Round "6.40"]
[White "Chitre Arush"]
[Black "Carlo, Emanuele"]
[Result "1/2-1/2"]
[ECO "A47"]
[WhiteElo "2210"]
[BlackElo "2363"]
[Annotator "TA"]
[PlyCount "85"]
[EventDate "2024.04.26"]
[EventType "swiss"]
[EventCountry "ITA"]
[SourceTitle "playchess.com"]
[Source "ChessBase"]
[SourceQuality "1"]
[TimeControl "40/5400+30:1800+30"]

1. d4 Nf6 2. Bf4 e6 3. e3 c5 4. Nf3 Be7 5. c3 O-O 6. Bd3 b6 7. Nbd2 Bb7 8. O-O Nh5 9. Bg3 Nxg3 10. hxg3 d6 11. Qe2 Nd7 12. e4 g6 13. Rfe1 Bf6 14. Rad1 Bg7 15. Ba6 Bxa6 16. Qxa6 Qc7 17. g4 Rac8 18. Qd3 c4 19. Qe3 b5 20. e5 Nb6 21. Qg5 (21. exd6 $11 Qxd6 22. Ne4) 21... Qd8 ({Better is} 21... dxe5 $15 22. dxe5 h6) 22. Qf4 Nd5 (22... b4 $11) 23. Qg3 dxe5 24. dxe5 h6 (24... g5 $14) 25. g5 $1 $18 hxg5 26. Ne4 (26. Qxg5 Qxg5 27. Nxg5 Nf4 $17) 26... Qe7 27. Nfxg5 {[%emt 0:01:49] Threatens to win with Nd6.} (27. Nexg5 Bh6 28. Ne4 Bg7) 27... Bh6 {[%emt 0:00:55] [#]} 28. Nh3 (28. Nxe6 $1 $18 {and the rest is easy.} fxe6 (28... Qxe6 $2 {loses.} 29. Rxd5 Bg7 30. Red1 $18) 29. Qxg6+ Bg7 30. Ng5) 28... Kh7 (28... Rc6 $16 {keeps fighting.}) 29. Rd4 Rh8 30. Red1 {[%emt 0:01:13] White is more active.} a6 31. Nd6 {[%emt 0:04:32][%cal Od4h4] Hoping for Rh4!} Rcf8 (31... Rc6 $16 32. a3 Rc5) 32. Rh4 f5 33. exf6 Qxf6 34. Ng5+ Kg7 {[%emt 0:01:48] [#]} 35. Nge4 {[%emt 0:02:47] Excellent horsemanship.} ({Don't do} 35. Nde4 $6 Qf5) 35... Qf4 36. Qh2 (36. Rxf4 $18 {[%cal Of4f7] White wants to mate with Rf7+!} Bxf4 37. Ne8+ (37. Qg4 Bh2+ 38. Kh1 Bxd6+ 39. Kg1 Ne3 $11) 37... Rxe8 38. Qg4 Bh2+ 39. Kf1) 36... Qxh2+ 37. Rxh2 Bf4 38. Rxh8 Rxh8 39. g3 Bxd6 {[%emt 0:00:09] The position is equal.} 40. Nxd6 Kf6 41. Ne4+ Ke7 42. Nc5 Rc8 43. Ne4 {[%emt 0:00:19] Black escapes into a draw.   Weighted Error Value: White=0.25 (precise) /Black=0.25 (precise) .  Missed win:     	White=2     	---        Mistake:       	White=1     	Black=5      Inaccurate:     	White=1     	Black=1      OK:         	White=9     	Black=11     Best:        	White=3     	Black=2      Strong:       	White=1     	---} 1/2-1/2

[Event "Sardinia World Festival-A 2024"]
[Site "Orosei"]
[Date "2024.05.01"]
[Round "6.41"]
[White "Balinski, Damian"]
[Black "Vagman, Roy"]
[Result "1/2-1/2"]
[ECO "A22"]
[WhiteElo "2204"]
[BlackElo "2357"]
[Annotator "RC"]
[PlyCount "224"]
[EventDate "2024.04.26"]
[EventType "swiss"]
[EventCountry "ITA"]
[SourceTitle "playchess.com"]
[Source "ChessBase"]
[SourceQuality "1"]
[TimeControl "40/5400+30:1800+30"]

1. c4 Nf6 2. Nc3 e5 3. g3 Bb4 4. Bg2 Bxc3 5. bxc3 d6 6. Nf3 O-O 7. O-O Re8 8. Rb1 e4 9. Nd4 b6 10. f3 Bb7 11. fxe4 Bxe4 12. d3 Bxg2 13. Kxg2 d5 14. Bg5 Ng4 15. Bxd8 Ne3+ 16. Kf3 Nxd1 17. Rfxd1 Rxd8 18. Nb5 Rd7 19. cxd5 a6 20. Nd4 Rxd5 21. e4 Ra5 22. Rd2 Nd7 23. Nc6 Rc5 24. Ne7+ Kh8 25. Nd5 f5 26. c4 fxe4+ 27. Kxe4 b5 28. Kd4 Rc6 29. Re1 bxc4 30. dxc4 h6 31. Rde2 Kh7 32. Re6 Rxe6 33. Rxe6 c5+ 34. Kc3 Rf8 35. Nf4 a5 36. h4 Rf5 37. Kd3 Nf6 38. Re7 Kg8 39. Ke3 g5 40. hxg5 hxg5 41. Nd3 Rf1 42. Ra7 g4 43. Rxa5 Rf3+ 44. Ke2 Ne4 45. Nxc5 Nxg3+ 46. Kd2 Nf1+ 47. Ke2 Ng3+ 48. Kd2 Nf5 49. Ne4 g3 50. Nxg3 Nxg3 51. Re5 Kf7 52. c5 Ra3 53. c6 Ra6 54. Kc3 Kf6 55. Re1 Rxa2 56. Kb4 Rc2 57. Kb5 Nf5 58. Rf1 Ke6 59. Kb6 Ne7 60. Re1+ Kd6 61. c7 Nd5+ 62. Kb5 Rxc7 63. Rh1 Rc5+ 64. Ka4 Rc3 65. Kb5 Rc2 66. Rg1 Nc3+ 67. Kb4 Ne4 68. Rh1 Kd5 69. Rd1+ Nd2 70. Rh1 Kd4 71. Kb5 Rc5+ 72. Kb6 Nc4+ 73. Kb7 Rb5+ 74. Kc7 Rg5 75. Kd7 Rg6 76. Ke7 Ne3 77. Kd7 Kc5 78. Ra1 Rd6+ 79. Ke7 Nd5+ 80. Kf7 Rf6+ 81. Kg7 Rf2 82. Kg6 Kd6 83. Kg5 Ke6 84. Re1+ Kf7 85. Ra1 Ne7 86. Ra8 Nd5 87. Ra1 Ke6 88. Re1+ Kd6 89. Ra1 Nc3 90. Ra8 Ne4+ 91. Kg4 Ke5 92. Ra5+ Ke6 93. Ra6+ Nd6 94. Ra1 Kd5 95. Ra5+ Kd4 96. Ra4+ Nc4 97. Ra1 Ne3+ 98. Kg5 Ke5 99. Ra5+ Nd5 100. Kg4 Rf8 101. Kg3 Kd4 102. Ra4+ Kd3 103. Ra3+ Nc3 104. Kg4 Kd4 105. Ra1 Ke5 106. Ra5+ Ke4 107. Kg5 Nd5 108. Kg6 Ke5 109. Ra1 Nf4+ 110. Kg7 Ne6+ 111. Kg6 Rg8+ 112. Kf7 Rg7+ 1/2-1/2

[Event "Sardinia World Festival-A 2024"]
[Site "Orosei"]
[Date "2024.05.01"]
[Round "6.42"]
[White "Morros Faura, Ricard"]
[Black "Derakhshani, Borna"]
[Result "0-1"]
[ECO "B15"]
[WhiteElo "2177"]
[BlackElo "2355"]
[Annotator "TA"]
[PlyCount "68"]
[EventDate "2024.04.26"]
[EventType "swiss"]
[EventCountry "ITA"]
[SourceTitle "playchess.com"]
[Source "ChessBase"]
[SourceQuality "1"]
[TimeControl "40/5400+30:1800+30"]

1. e4 c6 2. d4 d5 3. Nd2 dxe4 4. Nxe4 Nf6 5. Nxf6+ exf6 6. c3 Bd6 7. Bd3 O-O 8. Qc2 Re8+ 9. Ne2 h5 10. O-O h4 {[%emt 0:00:04] White is slightly better.} 11. h3 Nd7 12. f4 (12. Bd2 $14) 12... c5 13. Kh1 a6 14. dxc5 Bxc5 15. b4 Ba7 16. c4 Nb8 17. Bb2 {[%emt 0:01:23] Threatens to win with Rad1.} Nc6 18. Rad1 {[%emt 0:01:08] aiming for Bh7+.} Qc7 (18... Qe7 $14) 19. Qc3 ({White should try} 19. Nc3 $16 Ne7 (19... Nxb4 20. Qa4 $16) 20. Ne4) 19... Bd7 20. Qe1 $36 {[%emt 0:02:04][%mdl 2048] White has good play.} Ne7 $1 21. Qxh4 {[%emt 0:08:33] Threatening mate with Qh7+.} Nf5 $2 (21... Ng6 $11 22. Bxg6 fxg6) 22. Bxf5 $1 $18 Bxf5 23. Ng3 Bg6 (23... Bc2 24. Rd5 Bg6 (24... Qxc4 25. Rh5) 25. f5 $18) (23... Be4 {keeps fighting.} 24. Qg4 Qxc4 25. Bxf6 Bg6) 24. f5 {[%emt 0:00:34] Hoping for Bxf6.} Bh7 25. Rf4 (25. Nh5 $142 {[%cal Oh5f6] Intending Nxf6+! and mate.} Bb8 26. Rf4 Qxf4 27. Nxf4 Bxf5 28. Nd5) 25... Rad8 26. Rdf1 Be3 27. Rg4 Bg5 28. Rxg5 fxg5 29. Qxg5 f6 30. Bxf6 Rd7 31. Nh5 Rf8 {[%emt 0:00:53][%cal Od7f7] [#]} 32. Ba1 $4 {[%emt 0:00:19][%mdl 8192] [#]} (32. Re1 $1 $18) 32... Rxf5 $1 $19 33. Nf6+ Kf7 34. Qc1 (34. Qxf5 Bxf5 35. Nxd7 Qxd7 36. g4) 34... gxf6 {[%emt 0:00:17] Never resign too early!   Weighted Error Value: White=0.68/Black=0.47.  Loses game:     	---       	Black=1      Missed win:     	White=1     	---        Mistake:       	White=4     	Black=2      Inaccurate:     	White=1     	Black=3      OK:         	White=5     	Black=4      Best:        	White=3     	Black=5      Strong:       	White=1     	Black=1      Brilliant:      	---       	Black=1} 0-1